 Dungeon Crawl Stone Soup version 0.31.0-12-g77e489cdc1 (webtiles) character file.

Game seed: 8500350183648128537

1357 dirge the Magician (level 8, -2/50 HPs)
             Began as a Djinni Fire Elementalist on Feb 24, 2024.
             Was a Follower of Qazlal.
             Slain by a two-headed ogre
             ... wielding a +0 giant club
              (29 damage)
             ... on level 7 of the Dungeon.
             The game lasted 00:22:45 (6957 turns).

dirge the Magician (Djinni Fire Elementalist)       Turns: 6957, Time: 00:22:47

Health: -2/50      AC:  6    Str:  7    XL:     8   Next: 95%
Gold:   215        EV: 13    Int: 26    God:    Qazlal [*.....] SH:  6 Dex: 13

rFire   + + .        a - +0 dagger (elec)
rCold   x . .        (no shield)
rNeg    + . .        l - +2 robe {rN+}
rPois   ∞            (no helmet)
rElec   .            t - +0 cloak
rCorr   .            x - +0 pair of gloves
SInv    .            (boots unavailable)
Will    .....        i - amulet of reflection
Stlth   ++           v - ring of wizardry
HPRegen 0.28/turn    w - +6 ring of intelligence
MPRegen 0.00/turn

%: reflection, wizardry (x1), infuse magic (-3 HP)
@: flying
A: sickness immunity, fire resistance 2, cold vulnerability 1, float, innate
caster, HP casting, extra vitality 1
a: Renounce Religion


You were on level 7 of the Dungeon.
You worshipped Qazlal.
Qazlal was aware of your devotion.
You visited 2 branches of the dungeon, and saw 8 of its levels.

You collected 215 gold pieces.

Inventory:

Hand Weapons
 a - a +0 dagger of electrocution (weapon)
Missiles
 r - 4 poisoned darts
Armour
 j - an orb of wrath
 l - a +2 robe of positive energy (worn)
 t - a +0 cloak (worn)
 x - a +0 pair of gloves (worn)
Jewellery
 i - an amulet of reflection (around neck)
 v - a ring of wizardry (left hand)
 w - a +6 ring of intelligence (right hand)
Wands
 k - a wand of mindburst (13)
 p - a wand of roots (10)
 y - a wand of light (13)
Scrolls
 d - a scroll of enchant armour
 g - 3 scrolls of fear
 h - 5 scrolls of blinking
 m - a scroll of amnesia
 o - 2 scrolls of teleportation
 s - a scroll of identify
 u - a scroll of vulnerability
Potions
 b - 3 potions of curing
 c - a potion of resistance
 e - a potion of mutation
 f - 2 potions of cancellation
 n - a potion of enlightenment


   Skills:
 + Level 4.7 Dodging
 + Level 3.8 Stealth
 - Level 1.0 Shields
 * Level 7.4 Spellcasting
 * Level 7.4 Conjurations
 * Level 7.4 Hexes
   Level 0.0 Charms
 * Level 7.4 Summonings
 * Level 7.4 Necromancy
 * Level 7.4 Translocations
   Level 0.0 Transmutations
 * Level 7.4 Fire Magic
 * Level 7.4 Ice Magic
 * Level 7.4 Air Magic
 * Level 7.4 Earth Magic
 * Level 7.4 Alchemy


You knew the following spells:

 Your Spells              Type           Power      Damage    Failure   Level
a - Foxfire               Conj/Fire      100%       2x1d9     1%          1
b - Scorch                Fire           96%        2d9       1%          2
c - Volatile Blastmotes   Fire/Tloc      96%        2d18      1%          3
d - Inner Flame           Hex/Fire       48%        N/A       1%          3
e - Flame Wave            Conj/Fire      48%        2d12      1%          4
f - Shock                 Conj/Air       100%       1d9       1%          1
g - Searing Ray           Conj           96%        2d7       1%          2
h - Summon Ice Beast      Ice/Summ       48%        N/A       1%          3
Your spell library was empty.

Dungeon Overview and Level Annotations

Branches:
Dungeon (7/15)             Temple (1/1) D:5

Altars:
Ashenzari
Cheibriados
Dithmenos
Elyvilon
Fedhas
Hepliaklqana
Makhleb
Nemelex Xobeh
Qazlal
Ru
Trog
Uskayaw
Wu Jian
Xom
Yredelemnul
Zin

Shops:
D:3 [


Innate Abilities, Weirdness & Mutations

You are immune to sickness and miasma.
You are immune to poison.
Your flesh is very heat resistant. (rF++)
You are vulnerable to cold. (rC-)
You float through the air rather than walking.
You learn spells naturally, not from books.
Your magical power is your life essence.
You have superior vitality. (+4 MHP)


Message History

Casting: Scorch (safe; 1% risk of failure)
Confirm with . or Enter, or press ? or * to list all spells.
Flames lash the hound.
The hound is burned terribly!
You kill the hound!
Qazlal accepts your kill.
You start resting.
You hear the faint creaking of a very distant portcullis.
You start resting.
You hear the creaking of a very distant portcullis.
You see here a hound corpse.
Found a stone staircase leading down.
Found 9 gold pieces.
You now have 215 gold pieces (gained 9).
Found a runed orb.
You hear the creaking of a portcullis nearby.
You see here an orb of wrath.
j - an orb of wrath The two-headed ogre shouts in stereo!
Casting: Scorch (safe; 1% risk of failure)
Confirm with . or Enter, or press ? or * to list all spells.
Flames lash the two-headed ogre.
The two-headed ogre is moderately wounded.
The two-headed ogre's fire resistance burns away.
Casting: Scorch (safe; 1% risk of failure)
Confirm with . or Enter, or press ? or * to list all spells.
Flames lash the two-headed ogre.
The two-headed ogre is burned terribly!
The two-headed ogre is heavily wounded.
The two-headed ogre closely misses you. The two-headed ogre misses you.
Casting: Scorch (safe; 1% risk of failure)
Confirm with . or Enter, or press ? or * to list all spells.
Flames lash the two-headed ogre.
The two-headed ogre is burned terribly!
The two-headed ogre is heavily wounded.
Casting: Scorch (safe; 1% risk of failure)
Confirm with . or Enter, or press ? or * to list all spells.
Flames lash the two-headed ogre.
The two-headed ogre is burned terribly!
The two-headed ogre is severely wounded.
The two-headed ogre hits you with a +0 giant club!
The two-headed ogre hits you with a +0 giant spiked club!!
Ouch! That really hurt!
You die...

....# ## #........#
#..#### ...
#........####.....#
...
#.................#
..##.................#
#.......#......#.....
#......#......#.....
#.....##......#....#
#.○@...............#
#..O..#.......##...#
#.....#.......######
#.....#.###.###
#.....#.# #.#
##......# #.#
#...##### #.# #...#
#.# #...# #.#


You could see a two-headed ogre (combustible).

Vanquished Creatures
  A vampire (D:7)
  An ogre (D:6)
  A centaur (D:6)
  A phantom (D:5)
  2 scorpions (D:5)
  2 hounds
  2 jellies
  2 orc priests
  A bombardier beetle (D:5)
  Jessica (D:3)
  4 orc wizards
  Natasha (thrice) (D:3)
  An iguana (D:5)
  Robin (D:2)
  8 gnolls
  12 adders
  2 ufetubi
  4 dart slugs
  A ribbon worm (D:3)
  12 orcs
  2 bats
  9 endoplasms
  6 giant cockroaches
  16 goblins
  14 hobgoblins
  2 jackals (D:5)
  3 quokkas
  5 ball pythons
  3 frilled lizards
  9 kobolds
  5 rats
136 creatures vanquished.

Vanquished Creatures (collateral kills)
  A centaur (D:6)
1 creature vanquished.

Vanquished Creatures (others)
  125 foxfires
125 creatures vanquished.

Grand Total: 262 creatures vanquished

Notes
Turn   | Place    | Note
-------+----------+-------------------------------------------
     0 | D:1      | dirge the Djinni Fire Elementalist began the quest for the
                  | Orb.
     0 | D:1      | dirge set off with the following spells memorised: Foxfire,
                  | Scorch, Volatile Blastmotes, Inner Flame, Flame Wave.
     0 | D:1      | Reached XP level 1. HP: 15/15 MP: 0/0
   101 | D:1      | Reached XP level 2. HP: 21/21 MP: 0/0
   334 | D:1      | Reached XP level 3. HP: 23/25 MP: 0/0
   334 | D:1      | Learned a level 1 spell: Shock
  1066 | D:2      | Reached XP level 4. HP: 25/31 MP: 0/0
  1157 | D:2      | Noticed Robin
  1194 | D:2      | Killed Robin
  1675 | D:2      | Reached XP level 5. HP: 30/35 MP: 0/0
  1675 | D:2      | Learned a level 2 spell: Searing Ray
  2550 | D:3      | Found Toafoita's Armour Boutique.
  2552 | D:3      | Noticed Jessica
  2554 | D:3      | Killed Jessica
  2736 | D:3      | Found a shadowy altar of Dithmenos.
  3079 | D:3      | Found a burning altar of Makhleb.
  3334 | D:3      | Noticed Natasha
  3337 | D:3      | Killed Natasha
  3338 | D:3      | Reached XP level 6. HP: 36/40 MP: 0/0
  3399 | D:3      | Noticed Natasha
  3403 | D:3      | Killed Natasha
  3528 | D:3      | Noticed Natasha
  3534 | D:3      | Killed Natasha
  3770 | D:4      | Reached skill level 5 in Spellcasting
  3770 | D:4      | Reached skill level 5 in Conjurations
  3770 | D:4      | Reached skill level 5 in Hexes
  3770 | D:4      | Reached skill level 5 in Summonings
  3770 | D:4      | Reached skill level 5 in Necromancy
  3770 | D:4      | Reached skill level 5 in Translocations
  3770 | D:4      | Reached skill level 5 in Fire Magic
  3770 | D:4      | Reached skill level 5 in Ice Magic
  3770 | D:4      | Reached skill level 5 in Air Magic
  3770 | D:4      | Reached skill level 5 in Earth Magic
  3770 | D:4      | Reached skill level 5 in Alchemy
  4360 | D:4      | Found a hide-covered altar of Uskayaw.
  4437 | D:5      | Entered Level 5 of the Dungeon
  4487 | D:5      | Reached XP level 7. HP: 28/45 MP: 0/0
  4487 | D:5      | Learned a level 3 spell: Summon Ice Beast
  4669 | D:5      | Found a staircase to the Ecumenical Temple.
  4698 | Temple   | Entered the Ecumenical Temple
  4787 | Temple   | Became a worshipper of Qazlal Stormbringer
  5218 | D:5      | Reached XP level 8. HP: 37/50 MP: 0/0
  5842 | D:6      | Reached * piety under Qazlal
  6098 | D:6      | Found a basalt altar of Yredelemnul.
  6102 | D:6      | Found a snail-covered altar of Cheibriados.
  6105 | D:6      | Found a hazy altar of Hepliaklqana.
  6754 | D:7      | Noticed a vampire
  6758 | D:7      | Noticed a basilisk
  6760 | D:7      | Noticed a two-headed ogre
  6772 | D:7      | Killed a vampire
  6773 | D:7      | Reached skill level 1 in Shields
  6957 | D:7      | Slain by a two-headed ogre

Illustrated notes

Levels and vault maps discovered:
D:1:      minmay_arrival_diagonal_passages, layout_basic
D:2:      layout_loops_corners, serial_aquarium, aquarium_bridge_square
          [aquarium_subvault_wall, aquarium_subvault_bridge,
          aquarium_subvault_window, aquarium_subvault_wall],
          aquarium_bridge_long_joined [aquarium_subvault_balcony,
          aquarium_subvault_bridge, aquarium_subvault_bridge,
          aquarium_subvault_wall, aquarium_subvault_wall,
          aquarium_subvault_wall], aquarium_window_fake, aquarium_window_corner,
          aquarium_view_2b, uniq_robin
D:3:      layout_loops_corners, grunt_dithmenos_smoke, bloody_makhleb,
          serial_shops, nicolae_diamond_shop, uniq_natasha, uniq_jessica
D:4:      layout_loops_ring, nicolae_uskayaw_suspiria, grunt_decor_junction
D:5:      layout_rooms, minmay_temple_entry_mini_moons
D:6:      layout_cave_pools, minitemple, serial_co_window_serial,
          co_window_paths_b, co_window_paths_a, co_window_paths_a,
          co_window_paths_a, co_window_paths_a, co_window_broadway_a,
          co_window_2corner, co_window_of_opportunity_c, co_window_broadway_b,
          glass_columns_a, glass_columns_c, glass_columns_c, patterned_corridor
D:7:      layout_basic, nicolae_overflow_crystal_walls, enter_bailey_3,
          serial_shops, nicolae_book_shop_shelving, minmay_small_thing
Temple:   nicolae_temple_bog_church

Skill      XL: |  1  2  3  4  5  6  7  8 |
---------------+-------------------------+-----
Stealth        | 2 3 |  3.8
Dodging        | 3 4 |  4.7
Spellcasting   | 4 5 6 7 |  7.4
Conjurations   | 4 5 6 7 |  7.4
Hexes          | 4 5 6 7 |  7.4
Summonings     | 4 5 6 7 |  7.4
Necromancy     | 4 5 6 7 |  7.4
Translocations | 4 5 6 7 |  7.4
Fire Magic     | 4 5 6 7 |  7.4
Ice Magic      | 4 5 6 7 |  7.4
Air Magic      | 4 5 6 7 |  7.4
Earth Magic    | 4 5 6 7 |  7.4
Alchemy        | 4 5 6 7 |  7.4
Shields        | 1 |  1.0

Action                     |  1- 3 |  4- 6 |  7- 9 || total
---------------------------+-------+-------+-------++-------
  Melee: Unarmed           |     1 |       |       ||     1
         Dagger            |       |     1 |     2 ||     3
   Cast: Foxfire           |    52 |    28 |    12 ||    92
         Scorch            |     7 |    51 |    46 ||   104
         Volatile Blastmot |       |     5 |     8 ||    13
         Inner Flame       |       |     3 |     7 ||    10
         Shock             |       |     7 |       ||     7
         Summon Ice Beast  |       |       |     2 ||     2
         Flame Wave        |       |       |     1 ||     1
    Use: Scroll            |       |     6 |     8 ||    14
         Potion            |       |       |     1 ||     1
   Stab: Sleeping          |     1 |     1 |     1 ||     3
 Armour: Robe              |     8 |    32 |    36 ||    76
  Dodge: Dodged            |     8 |    30 |    51 ||    89
  Block: Other             |       |     7 |    17 ||    24
         Reflection        |       |       |     3 ||     3
